 Dungeon Crawl Stone Soup version 0.30.0-29-ga12c61a403 (webtiles) character file.

Game seed: 3741845494605336252

108 seaoflcl the Shield-Bearer (level 4, -4/41 HPs)
             Began as a Minotaur Fighter on June 15, 2023.
             Slain by Natasha (6 damage)
             ... on level 3 of the Dungeon.
             The game lasted 00:01:37 (1509 turns).

seaoflcl the Shield-Bearer (Minotaur Fighter)       Turns: 1509, Time: 00:01:38

Health: -4/41      AC:  7    Str: 23    XL:     4   Next: 58%
Magic:  3/3        EV:  9    Int:  5    God:
Gold:   159        SH:  4    Dex:  9    Spells: 3/3 levels left

rFire   . . .        a - +0 war axe
rCold   . . .        c - +0 buckler
rNeg    . . .        b - +0 scale mail
rPois   .            (helmet restricted)
rElec   .            (no cloak)
rCorr   .            (no gloves)
SInv    +            (no boots)
Will    .....        (no amulet) Stlth
                     m - ring of see invisible
HPRegen 0.26/turn    (no ring)
MPRegen 0.08/turn

%: no passive effects
@: slowed, very slow
A: horns 2, retaliatory headbutt
a: no special abilities


You were on level 3 of the Dungeon.
You visited 1 branch of the dungeon, and saw 3 of its levels.

You collected 159 gold pieces.

Inventory:

Hand Weapons
 a - a +0 war axe (weapon)
Missiles
 o - 4 poisoned darts (quivered)
Armour
 b - a +0 scale mail (worn)
 c - a +0 buckler (worn)
Jewellery
 m - a ring of see invisible (left hand)
Scrolls
 f - 3 scrolls of identify {unknown}
 g - a scroll of vulnerability {unknown}
 h - a scroll of magic mapping {unknown}
 i - a scroll of immolation {unknown}
 j - 2 scrolls of enchant armour {unknown}
 k - a scroll of blinking {unknown}
 p - a scroll of teleportation {unknown}
Potions
 d - a potion of might
 e - a potion of degeneration {unknown}
 l - a potion of magic {unknown}
 n - 2 potions of brilliance {unknown}


   Skills:
 + Level 4.3 Fighting
 * Level 4.2 Axes
 + Level 0.0 Throwing
 + Level 4.3 Armour
 + Level 4.3 Shields


You had 3 spell levels left.
You didn't know any spells.
Your spell library contained the following spells:

 Spells                   Type           Power      Damage    Failure   Level
 Ensorcelled Hibernation  Hex/Ice        0%         N/A       94%         2
 Frozen Ramparts          Ice            0%         1d1       99%         3
 Spider Form              Tmut/Pois      0%         N/A       99%         3
 Anguish                  Hex/Necr       0%         N/A       100%        4
 Ice Form                 Ice/Tmut       0%         N/A       100%        4
 Summon Ice Beast         Ice/Summ       0%         N/A       100%        4


Dungeon Overview and Level Annotations

Branches:
Dungeon (3/15)

Altars:

Shops:
D:2 (

Annotations:
D:3 Natasha


Innate Abilities, Weirdness & Mutations

You have a pair of horns on your head.
You reflexively headbutt those who attack you in melee.


Message History

You are too injured to fight recklessly!
You are too injured to fight recklessly!
You are too injured to fight recklessly!
You are too injured to fight recklessly!
You are too injured to fight recklessly!
You hit Natasha but do no damage. Your headbutt misses Natasha.
Natasha is lightly wounded.
Natasha stares at you and mumbles some strange words.
The magic dart hits you. Natasha casts a spell at you.
You feel yourself slow down.
You hit Natasha but do no damage.
Natasha is lightly wounded.
Natasha mumbles some strange words.
You closely miss Natasha. Your headbutt misses Natasha.
You slash the cerulean imp! Natasha closely misses you.
The cerulean imp barely misses you. Natasha barely misses you.
The cerulean imp hits you with a +2 spear.
You hit Natasha.
Natasha is moderately wounded.
You barely miss the cerulean imp. Natasha claws you!
* * * LOW HITPOINT WARNING * * *
The cerulean imp hits you but does no damage.
You block Natasha's attack. You block the cerulean imp's attack.
Unknown command.
You closely miss Natasha. Your headbutt misses Natasha.
Natasha is moderately wounded.
You closely miss the cerulean imp. Natasha barely misses you.
You furiously retaliate!
You headbutt Natasha.
The cerulean imp hits you but does no damage.
Natasha claws you.
* * * LOW HITPOINT WARNING * * *
You miss Natasha.
Natasha is heavily wounded.
You closely miss the cerulean imp. The cerulean imp barely misses you.
You block Natasha's attack.
The cerulean imp hits you with a +2 spear.
* * * LOW HITPOINT WARNING * * *
Natasha claws you.
You die...

### ..# ######### ..#
#.......# ..# #.......#
..##### #.......#
......# #.......#
......####).....5##.####
......'..').....@h......
......####)......##....>
##....############ .#.
...........#
...........#
...........#
...........#
...........#
...........#


You could see Natasha and a cerulean imp (summoned).

Vanquished Creatures
  Jessica (D:2)
  3 adders (D:2)
  2 worms
  3 orcs (D:3)
  4 ball pythons
  3 bats
  3 endoplasms
  3 goblins
  6 hobgoblins
  4 quokkas (D:1)
  3 frilled lizards
  6 kobolds
  8 rats
49 creatures vanquished.

Notes
Turn   | Place    | Note
-------+----------+-------------------------------------------
     0 | D:1      | seaoflcl the Minotaur Fighter began the quest for the Orb.
     0 | D:1      | Reached XP level 1. HP: 19/19 MP: 0/0
   115 | D:1      | Reached XP level 2. HP: 18/27 MP: 1/1
   163 | D:1      | Found a faded altar of an unknown god.
   465 | D:1      | Reached XP level 3. HP: 33/33 MP: 2/2
   844 | D:2      | Found Oxzicic's Antique Weapon Emporium.
   925 | D:2      | Noticed Jessica
   934 | D:2      | Killed Jessica
   935 | D:2      | Reached XP level 4. HP: 33/40 MP: 3/3
  1495 | D:3      | Noticed Natasha
  1509 | D:3      | HP: 2/41 [cerulean imp/+2 spear[Natasha] (5)]
  1509 | D:3      | Slain by Natasha

Illustrated notes

Levels and vault maps discovered:
D:1:      roderic_octagonal_star, layout_rooms, ebering_ecumenical_altar_ruins,
          nicolae_wormholes
D:2:      layout_loops_ring, serial_shops, shop, uniq_jessica
D:3:      layout_basic, uniq_natasha, uniq_terence

Skill      XL: |  1  2  3 |
---------------+----------+-----
Axes           | 3 4 |  4.2
Armour         | 4 |  4.3
Fighting       | 4 |  4.3
Shields        | 4 |  4.3

Action                     |  1- 3 |  4- 6 || total
---------------------------+-------+-------++-------
  Melee: War axe           |    63 |    38 ||   101
         Headbutt          |     5 |     1 ||     6
 Armour: Scale mail        |    35 |    20 ||    55
  Dodge: Dodged            |    24 |    13 ||    37
  Block: Buckler           |    13 |    11 ||    24
